[Event "42nd Olympiad Baku 2016 Women"]
[Site "Baku"]
[Date "2016.09.02"]
[Round "1.2"]
[White "Marrero Lopez, Yaniet"]
[Black "Herrera, Marjorie"]
[Result "1-0"]
[ECO "C78"]
[WhiteElo "2281"]
[BlackElo "1738"]
[PlyCount "77"]
[EventDate "2016.??.??"]
[EventCountry "AZE"]
[WhiteTeam "Kuba"]
[BlackTeam "El Salvador"]
[WhiteTeamCountry "CUB"]
[BlackTeamCountry "ESA"]
[TimeControl "40/5400+30:1800+30"]
[WhiteClock "0:03:56"]
[BlackClock "0:12:59"]

1. e4 {(00:00} e5 {(00:00} 2. Nf3 {(00:00} Nc6 {
(00:17} 3. Bb5 {(00:04} a6 {(00:12} 4. Ba4 {(00:
09} Nf6 {(00:28} 5. O-O {(00:24} b5 {(00:21} 6. Bb3 {
(00:07} Bc5 {(00:28} 7. a4 {(03:09} Rb8 {(01:06]
} 8. c3 {(02:04} Bb6 {(06:47} 9. d4 {(01:47} d6 {
(04:07} 10. a5 {(00:20} Ba7 {(02:32} 11. h3 {(
03:20} O-O {(00:23} 12. Qd3 {(04:49} h6 {(01:16} 13.
Re1 {(07:08} Re8 14. Nbd2 {(00:29} Bd7 {(04:56} 15. Nf1
{(00:21} exd4 {(02:12} 16. cxd4 {(00:39} Qe7 {(
02:49} 17. Ng3 {(08:00} Nb4 {(05:17} 18. Qd2 {(08:56}
c5 {(02:56} 19. e5 {(00:39} dxe5 {(03:56} 20. dxe5 {
(03:24} Nh7 {(02:05} 21. Bc2 {(17:04} Be6 {(07:
04} 22. Nf5 {(05:08} Bxf5 {(03:29} 23. Bxf5 {(00:03}
Red8 {(01:19} 24. Qe2 {(01:27} c4 {(02:23} 25. e6 {
(01:34} fxe6 {(02:22} 26. Bxe6+ {(00:34} Kh8 {(
02:00} 27. Bf5 {(12:56} Qxe2 {(02:47} 28. Rxe2 {(00:02]
} Re8 {(01:26} 29. Ne5 {(01:35} Kg8 {(04:39} 30. Kf1 {
(06:21} Nf6 {(03:27} 31. Bf4 {(01:45} Rbd8 {(01:
39} 32. Bg6 {(01:28} Re7 {(01:37} 33. g4 {(01:51} Bb8
{(01:58} 34. Bg3 {(01:08} Bc7 {(08:44} 35. f4 {(
04:57} Kf8 {(02:08} 36. Bf2 {(00:37} Rd5 {(02:16} 37.
Rae1 {(00:38} Nd3 {(04:25} 38. Bxd3 {(00:33} cxd3 {
(00:10} 39. Ng6+ {(00:04} 1-0

[Event "42nd Olympiad Baku 2016 Women"]
[Site "Baku"]
[Date "2016.09.02"]
[Round "1.5"]
[White "Marzouk, Amira"]
[Black "Milovic, Aleksandra"]
[Result "0-1"]
[ECO "B00"]
[WhiteElo "1724"]
[BlackElo "2252"]
[PlyCount "54"]
[EventDate "2016.??.??"]
[EventCountry "AZE"]
[WhiteTeam "Tunesien"]
[BlackTeam "Montenegro"]
[WhiteTeamCountry "TUN"]
[BlackTeamCountry "MNE"]
[TimeControl "40/5400+30:1800+30"]
[WhiteClock "0:31:37"]
[BlackClock "0:23:35"]

1. e4 {(00:00} Nc6 {(00:00} 2. Nf3 {(00:53} g6 {
(00:00} 3. g3 {(02:18} Bg7 {(01:13} 4. Bg2 {(00:
11} d6 {(01:05} 5. c3 {(03:54} Nf6 {(02:49} 6. d3 {
(00:16} O-O {(01:36} 7. h3 {(04:57} e5 {(08:02}
8. Be3 {(02:53} d5 {(11:14} 9. Nbd2 {(11:56} h6 {
(10:56} 10. Bc5 {(03:49} Re8 {(00:28} 11. O-O {(
00:35} b6 {(07:16} 12. Ba3 {(00:30} Ba6 {(03:40} 13.
Ne1 {(07:16} dxe4 {(12:42} 14. Nxe4 {(00:26} Nxe4 {
(00:33} 15. Bxe4 {(00:16} Qd7 {(00:28} 16. Qa4 {
(04:44} Bb7 {(00:27} 17. Rd1 {(01:17} Rad8 {(03:
04} 18. Nc2 {(05:39} a6 {(01:52} 19. Bg2 {(03:51} b5 {
(02:19} 20. Qe4 {(03:00} Na5 {(01:34} 21. Qe2 {(
01:34} Bxg2 {(01:17} 22. Kxg2 {(05:09} Qd5+ 23. Qe4 {(
03:11} Qxa2 {(02:24} 24. Ra1 {(00:30} Qe6 {(01:07} 25.
Bb4 {(01:09} Nb3 {(01:06} 26. Rad1 {(01:11} c5 {
(01:36} 27. Ba3 {(00:28} a5 {(01:07} 0-1

[Event "42nd Olympiad Baku 2016 Women"]
[Site "Baku"]
[Date "2016.09.02"]
[Round "1.25"]
[White "Maslikova, Veronika"]
[Black "Caruana Pulpan, Oana"]
[Result "1-0"]
[ECO "B30"]
[WhiteElo "2247"]
[BlackElo "1894"]
[PlyCount "63"]
[EventDate "2016.??.??"]
[EventCountry "AZE"]
[WhiteTeam "Slowakei"]
[BlackTeam "Malta"]
[WhiteTeamCountry "SVK"]
[BlackTeamCountry "MLT"]
[TimeControl "40/5400+30:1800+30"]
[WhiteClock "0:06:57"]
[BlackClock "0:03:21"]

1. e4 {(00:00} c5 {(00:00} 2. Nf3 {(00:00} Nc6 {
(00:00} 3. d3 {(00:00} g6 {(00:00} 4. g3 {(00:
03} Bg7 {(00:00} 5. Bg2 {(00:07} Nf6 {(03:11} 6. c3 {
(03:34} O-O {(00:56} 7. O-O {(00:41} e5 {(08:12]
} 8. Nbd2 {(06:45} d6 {(11:35} 9. Re1 {(14:24} Nh5 {
(02:13} 10. Nf1 {(20:38} f5 {(06:33} 11. Bg5 {(
18:11} Qe8 {(08:58} 12. exf5 {(03:01} gxf5 {(02:15}
13. Qd2 {(02:16} Qf7 {(11:15} 14. Bh6 {(02:20} Bd7 {
(03:42} 15. Qg5 {(01:49} Rae8 {(04:56} 16. Bxg7 {
(02:10} Nxg7 {(00:07} 17. Qh6 {(01:20} Re6 {(10:
05} 18. Qd2 {(00:51} Rf6 {(03:18} 19. Ng5 {(01:18} Qg6
{(06:39} 20. Bd5+ {(03:32} Ne6 {(01:13} 21. f4 {
(02:43} Kh8 {(00:41} 22. Nxe6 {(02:58} Bxe6 {(
00:09} 23. Bg2 {(00:32} h5 {(03:20} 24. Qf2 {(02:40}
Bd7 {(05:13} 25. Re3 {(01:11} exf4 {(02:20} 26. Qxf4 {
(01:26} Ne5 {(00:57} 27. d4 {(01:01} Nc4 {(01:
25} 28. Re7 {(00:30} R6f7 {(01:27} 29. Rxf7 Qxf7 {(00:
34} 30. b3 {(01:53} Na5 {(00:35} 31. Qh6+ {(00:39} Qh7
{(00:20} 32. Qxf8+ 1-0

[Event "42nd Olympiad Baku 2016 Women"]
[Site "Baku"]
[Date "2016.09.02"]
[Round "1.22"]
[White "Mbo, Mabedi"]
[Black "Exler, Veronika"]
[Result "0-1"]
[ECO "C48"]
[WhiteElo "1531"]
[BlackElo "2220"]
[PlyCount "74"]
[EventDate "2016.??.??"]
[EventCountry "AZE"]
[WhiteTeam "Botswana"]
[BlackTeam "Österreich"]
[WhiteTeamCountry "BOT"]
[BlackTeamCountry "AUT"]
[TimeControl "40/5400+30:1800+30"]
[WhiteClock "0:35:32"]
[BlackClock "0:24:46"]

1. e4 {(00:00} e5 {(00:00} 2. Nf3 {(00:00} Nc6 {
(00:00} 3. Bb5 {(00:08} Nf6 {(00:00} 4. Nc3 {(
00:41} Bd6 {(03:02} 5. a3 O-O 6. Bc4 {(06:04} h6 {(01:
28} 7. O-O {(00:48} Re8 {(00:36} 8. d3 {(00:03} Bf8 {
(00:39} 9. h3 {(00:36} d6 {(00:40} 10. Be3 {(02:
15} Be6 {(00:23} 11. Nd5 {(06:14} Bxd5 {(02:33} 12.
exd5 {(01:14} Ne7 {(00:09} 13. Bb5 {(00:09} c6 {
(01:21} 14. dxc6 {(00:04} bxc6 {(00:08} 15. Bc4 {
(00:07} d5 {(01:01} 16. Ba2 {(01:14} Nf5 {(00:
25} 17. Bd2 {(02:31} Qb6 {(14:11} 18. b4 {(03:39} e4 {
(00:13} 19. Nh2 {(04:07} e3 {(05:10} 20. fxe3 {(
06:28} Nxe3 {(00:12} 21. Bxe3 {(00:24} Rxe3 {(04:42}
22. Kh1 {(00:04} a5 {(00:34} 23. c3 {(02:36} Qa6 {
(21:12} 24. Rf3 {(02:42} Rae8 {(02:08} 25. Rxe3 {
(06:57} Rxe3 {(00:08} 26. Bb1 {(00:39} axb4 {(
00:27} 27. Qd2 {(01:11} d4 {(08:01} 28. cxb4 {(00:48}
Nd5 {(00:27} 29. Nf1 {(00:09} Bxb4 {(04:37} 30. Qb2 {
(04:15} Re1 {(05:38} 31. axb4 Rxf1+ 32. Kh2 {(06:20}
Qb6 {(00:20} 33. Qe2 {(01:57} Qb8+ {(01:19} 34. g3 {
(01:30} Ne3 {(00:07} 35. Qb2 {(01:55} Rf3 {(01:
24} 36. Ra2 {(04:59} Qxg3+ {(00:21} 37. Kh1 {(00:10}
Rf1# {(00:08} 0-1

[Event "42nd Olympiad Baku 2016 Women"]
[Site "Baku"]
[Date "2016.09.02"]
[Round "1.7"]
[White "Meddeb, Chadha"]
[Black "Krpovic, Natasa"]
[Result "0-1"]
[ECO "B00"]
[WhiteElo "1585"]
[BlackElo "2073"]
[PlyCount "78"]
[EventDate "2016.??.??"]
[EventCountry "AZE"]
[WhiteTeam "Tunesien"]
[BlackTeam "Montenegro"]
[WhiteTeamCountry "TUN"]
[BlackTeamCountry "MNE"]
[TimeControl "40/5400+30:1800+30"]
[WhiteClock "0:01:42"]
[BlackClock "0:02:45"]

1. e4 {(00:00} d6 {(00:00} 2. d4 {(00:00} c6 {(
00:00} 3. Nf3 {(01:10} Nf6 {(05:28} 4. Bd3 {(05:07}
Bg4 {(03:16} 5. c3 {(01:22} Qc7 {(03:07} 6. Bg5 {
(20:25} Nbd7 {(02:58} 7. Nbd2 {(00:44} e5 {(05:
28} 8. Qb3 {(07:07} Be7 {(09:47} 9. h3 {(07:25} Be6 {
(23:20} 10. Qc2 {(08:07} h6 {(03:42} 11. Bh4 {(
05:14} g5 {(01:48} 12. Bg3 {(00:38} Nh5 {(02:18} 13.
Bh2 {(00:11} Nf4 {(00:47} 14. Bf1 {(07:20} O-O-O {
(07:23} 15. O-O-O {(02:04} f6 {(03:51} 16. Bxf4 {
(15:51} exf4 {(02:53} 17. Bc4 {(09:21} Bxc4 {(
03:34} 18. Nxc4 {(00:01} b5 {(05:56} 19. Ncd2 {(02:20}
Rhe8 {(03:09} 20. Rhe1 {(00:30} Bf8 {(00:13} 21. Kb1 {
(01:49} Nb6 {(03:50} 22. c4 {(00:38} a6 {(03:01]
} 23. cxb5 {(00:48} axb5 {(01:15} 24. Rc1 {(00:25} Kb7
{(00:22} 25. d5 {(02:29} c5 {(00:57} 26. Nb3 {(
00:45} Nc4 {(01:30} 27. Nfd2 {(00:09} Ne5 {(01:05} 28.
Nd4 {(00:28} Qa5 {(00:35} 29. N2b3 {(01:00} Qa4 {
(00:34} 30. a3 {(00:52} Rc8 {(01:04} 31. Ne2 {(
00:25} c4 {(00:19} 32. Nbd4 {(00:06} Nd3 {(00:20} 33.
Qxa4 {(00:53} bxa4 {(00:05} 34. Nc3 {(00:43} Nxe1 {
(00:11} 35. Rxe1 {(00:02} Ra8 {(00:29} 36. Nf5 {
(00:34} Kc7 {(01:14} 37. Nb5+ {(00:03} Kd7 {(00:
12} 38. f3 {(00:33} Reb8 {(00:15} 39. Nbd4 {(00:09} c3
{(00:29} 0-1

[Event "42nd Olympiad Baku 2016 Women"]
[Site "Baku"]
[Date "2016.09.02"]
[Round "1.20"]
[White "Melia, Salome"]
[Black "Gonchar, Svitlana"]
[Result "1-0"]
[ECO "C09"]
[WhiteElo "2419"]
[BlackElo "1807"]
[PlyCount "59"]
[EventDate "2016.??.??"]
[EventCountry "AZE"]
[WhiteTeam "Georgien"]
[BlackTeam "Ukraine"]
[WhiteTeamCountry "GEO"]
[BlackTeamCountry "UKR"]
[TimeControl "40/5400+30:1800+30"]
[WhiteClock "1:05:11"]
[BlackClock "0:11:17"]

1. e4 {(00:00} e6 {(00:06} 2. d4 {(00:13} d5 {(
00:05} 3. Nd2 {(00:21} c5 {(00:23} 4. Ngf3 {(00:27}
Nc6 {(01:06} 5. exd5 {(00:12} exd5 {(00:07} 6. Bb5 {
(00:22} Nf6 {(05:29} 7. O-O {(00:49} Be7 {(01:
15} 8. dxc5 {(01:14} Bxc5 {(00:07} 9. Nb3 {(05:59} Be7
{(04:40} 10. Ne5 {(02:43} Bd7 {(05:55} 11. Bxc6 {
(07:27} bxc6 {(02:01} 12. Be3 {(00:21} O-O {(01:
34} 13. Bc5 {(00:35} Re8 {(02:48} 14. Qd4 {(02:04} Qc7
{(05:50} 15. Rfe1 {(03:09} Ne4 {(07:17} 16. Nxd7 {
(03:22} Qxd7 {(15:57} 17. Rxe4 {(01:25} Bf6 {(
01:22} 18. Rxe8+ {(00:50} Rxe8 {(00:47} 19. Qd2 {(00:
58} Bxb2 {(01:15} 20. Re1 {(00:17} Rxe1+ {(11:58} 21.
Qxe1 {(00:07} Bf6 {(00:07} 22. Bd4 {(00:11} Bxd4 {
(02:09} 23. Nxd4 {(00:07} c5 {(07:25} 24. Nb3 {(
01:08} c4 {(00:18} 25. Nd4 {(00:17} h6 {(00:10} 26. h3
{(02:41} a6 {(06:22} 27. Qe5 {(00:32} Qb7 {(05:
02} 28. Nf5 {(00:46} f6 {(01:22} 29. Qe8+ {(00:50} Kh7
{(00:16} 30. Ne7 {(00:22} 1-0

[Event "42nd Olympiad Baku 2016 Women"]
[Site "Baku"]
[Date "2016.09.02"]
[Round "1.35"]
[White "Melnik, Galina"]
[Black "Lubbe, Melanie"]
[Result "0-1"]
[ECO "E62"]
[WhiteElo "1915"]
[BlackElo "2324"]
[PlyCount "82"]
[EventDate "2016.??.??"]
[EventCountry "AZE"]
[WhiteTeam "Russland"]
[BlackTeam "Deutschland"]
[WhiteTeamCountry "RUS"]
[BlackTeamCountry "GER"]
[TimeControl "40/5400+30:1800+30"]
[WhiteClock "0:31:34"]
[BlackClock "0:31:05"]

1. d4 {(00:00} Nf6 {(00:00} 2. c4 {(00:00} g6 {(
00:00} 3. Nc3 {(00:01} Bg7 {(00:00} 4. Nf3 {(00:30}
O-O {(00:10} 5. g3 {(01:06} d6 {(00:14} 6. Bg2 {
(00:15} Nc6 {(00:21} 7. O-O {(01:24} e5 {(00:50]
} 8. e4 {(02:10} exd4 {(12:25} 9. Nxd4 {(00:19} Ne5 {
(02:32} 10. b3 {(03:27} c5 {(09:06} 11. Nc2 {(
09:00} Ne8 {(12:49} 12. Bb2 {(07:14} Nc7 {(02:00} 13.
Qd2 {(09:22} Qe7 {(08:02} 14. f4 {(01:20} Nc6 {(
02:08} 15. Nd5 {(05:21} Nxd5 {(01:31} 16. Bxg7 {(00:09]
} Kxg7 {(00:24} 17. cxd5 {(02:43} Nd8 {(03:38} 18. Qc3+
{(01:04} f6 {(00:47} 19. Rae1 {(04:48} Nf7 {(00:
59} 20. a4 {(09:38} b6 {(07:47} 21. Na3 {(06:57} a6 {
(02:03} 22. Ra1 {(02:10} Rb8 {(05:13} 23. Qd3 {(
03:41} Qc7 {(09:33} 24. Rac1 {(04:07} b5 {(02:11} 25.
axb5 {(01:10} axb5 {(00:09} 26. Rfe1 {(01:31} Qb6 {
(02:00} 27. Kh1 {(01:55} Bd7 {(00:34} 28. Bf1 {(
01:23} Rb7 {(02:10} 29. Ra1 {(01:36} Ra8 {(03:04} 30.
Qd2 {(02:55} Rba7 {(03:04} 31. Qb2 {(00:38} Ra5 {
(03:41} 32. Nc2 {(00:37} Re8 {(02:38} 33. Rxa5 {
(00:30} Qxa5 {(00:05} 34. Ra1 {(08:24} Qd2 {(00:
44} 35. Bg2 {(00:23} h5 {(01:28} 36. Qc1 {(03:59} Qc3
{(00:31} 37. Qb1 {(00:56} h4 {(01:09} 38. Ne1 {(
03:02} hxg3 {(00:49} 39. hxg3 {(00:08} Qxg3 {(00:28}
40. Ra7 {(00:00} Qf2 {(00:00} 41. Rxd7 {(03:03} Rh8+ {
(02:08} 0-1

[Event "42nd Olympiad Baku 2016 Women"]
[Site "Baku"]
[Date "2016.09.02"]
[Round "1.13"]
[White "Mena, Ailen Oriana"]
[Black "Frayna, Janelle Mae"]
[Result "0-1"]
[ECO "B03"]
[WhiteElo "1715"]
[BlackElo "2281"]
[PlyCount "50"]
[EventDate "2016.??.??"]
[EventCountry "AZE"]
[WhiteTeam "Niederländische Antillen"]
[BlackTeam "Philippinen"]
[WhiteTeamCountry "AHO"]
[BlackTeamCountry "PHI"]
[TimeControl "40/5400+30:1800+30"]
[WhiteClock "0:16:53"]
[BlackClock "0:49:56"]

1. e4 {(00:00} Nf6 {(00:00} 2. e5 {(01:06} Nd5 {
(00:00} 3. d4 {(00:24} d6 {(00:03} 4. c4 {(01:
52} Nb6 {(00:09} 5. Nf3 {(01:53} Bg4 {(03:27} 6. h3 {
(00:21} Bh5 {(00:13} 7. Be3 {(03:45} dxe5 {(02:
29} 8. dxe5 {(02:39} Qxd1+ {(00:21} 9. Kxd1 {(00:15}
Nc6 {(01:37} 10. g4 {(15:42} Bg6 {(02:04} 11. Nbd2 {
(06:39} e6 {(05:20} 12. a3 {(03:48} h5 {(09:26}
13. Bg2 {(06:44} O-O-O {(01:42} 14. Ke1 {(06:09} hxg4 {
(10:06} 15. hxg4 {(00:51} Rxh1+ {(00:03} 16. Bxh1 {
(00:33} Nd7 {(00:14} 17. Bg5 {(07:02} Re8 {(03:
05} 18. Nh4 {(08:33} Ncxe5 {(05:48} 19. Nxg6 {(01:14}
Nxg6 {(00:42} 20. Be4 {(04:13} Nge5 {(01:52} 21. f3 {
(06:01} Nc5 {(01:59} 22. Kf1 {(02:58} Nxe4 {(00:
48} 23. Nxe4 {(00:26} Nxf3 {(00:46} 24. Rc1 {(00:40}
f5 {(00:13} 25. gxf5 {(01:49} exf5 {(00:07} 0-1

[Event "42nd Olympiad Baku 2016 Women"]
[Site "Baku"]
[Date "2016.09.02"]
[Round "1.13"]
[White "Mendieta, Kathya"]
[Black "Mamedjarova, Zeinab"]
[Result "0-1"]
[ECO "B00"]
[WhiteElo "1943"]
[BlackElo "2295"]
[PlyCount "112"]
[EventDate "2016.??.??"]
[EventCountry "AZE"]
[WhiteTeam "Nicaragua"]
[BlackTeam "Aserbeidschan"]
[WhiteTeamCountry "NCA"]
[BlackTeamCountry "AZE"]
[TimeControl "40/5400+30:1800+30"]
[WhiteClock "0:00:43"]
[BlackClock "0:09:58"]

1. e4 {(00:00} d6 {(00:00} 2. Nf3 {(01:13} Nf6 {
(00:06} 3. d3 {(00:50} e5 {(00:38} 4. Be2 {(01:
16} Be7 {(00:08} 5. c3 {(01:39} O-O {(00:06} 6. Nbd2 {
(01:29} Nbd7 {(03:26} 7. d4 {(06:35} c6 {(07:50]
} 8. O-O {(02:16} Re8 {(05:12} 9. Re1 {(05:09} Bf8 {
(07:22} 10. Bd3 {(06:22} Qc7 {(07:39} 11. Nf1 {(
04:37} g6 {(12:40} 12. Ng3 {(04:44} Bg7 {(00:23} 13.
h3 {(00:48} c5 {(16:07} 14. Be3 {(03:34} h6 {(
10:22} 15. Qd2 {(07:41} Kh7 {(00:11} 16. Rad1 {(05:08}
c4 {(11:26} 17. Bb1 {(05:41} Bf8 {(00:13} 18. Nh2 {
(05:56} b5 {(02:08} 19. f4 {(01:33} Bb7 {(02:45]
} 20. Nf3 {(04:15} Rad8 {(00:58} 21. Qf2 {(03:51} exf4
{(04:25} 22. Bxf4 {(00:31} Bg7 {(00:08} 23. e5 {
(05:29} dxe5 {(00:09} 24. Nxe5 {(01:06} Nxe5 {(
00:57} 25. Bxe5 {(00:15} Qc6 {(00:49} 26. Bxf6 {(02:58]
} Qxf6 {(01:24} 27. Nh5 {(03:11} Qxf2+ {(01:05} 28.
Kxf2 {(00:02} Bh8 {(00:00} 29. Bc2 {(00:44} Kg8 {
(00:33} 30. Ng3 {(00:50} Bf6 {(01:44} 31. Ne4 {(
01:03} Be7 {(00:30} 32. Nc5 {(02:32} Bc8 {(03:01} 33.
a4 {(00:49} a6 {(00:16} 34. axb5 {(00:06} axb5 {
(00:03} 35. b3 {(01:04} cxb3 {(01:03} 36. Bxb3 {
(00:23} Kg7 {(00:13} 37. Nd3 {(01:31} Bf5 {(00:
48} 38. Ne5 {(00:35} Rc8 {(00:36} 39. Bxf7 {(00:00}
Rf8 {(00:00} 40. Kg1 {(00:00} Rxf7 {(00:00} 41. Nxf7 {
(09:59} Kxf7 {(01:05} 42. Re5 {(01:41} Rxc3 {(
13:14} 43. Rxb5 {(02:46} Rc2 {(01:28} 44. Rf1 {(02:26}
Bf6 {(02:59} 45. Rb7+ {(06:11} Ke8 {(01:33} 46. Re1+ {
(04:50} Kd8 {(00:27} 47. d5 {(01:43} Bc3 {(03:
42} 48. Ree7 {(04:56} Bc8 {(00:28} 49. d6 {(09:42}
Bxb7 {(00:26} 50. Rxb7 {(00:08} Bd4+ {(02:03} 51. Kh1 {
(02:20} Be5 {(01:13} 52. Rb8+ {(00:38} Kd7 {(00:
10} 53. Kg1 {(00:42} Bg3 {(00:54} 54. Kf1 {(00:32}
Rf2+ {(00:18} 55. Kg1 {(00:15} Re2 {(00:09} 56. Rb1 {
(00:42} Re1+ {(00:29} 0-1

[Event "42nd Olympiad Baku 2016 Women"]
[Site "Baku"]
[Date "2016.09.02"]
[Round "1.15"]
[White "Mendis, Dasuni Hansika"]
[Black "Avramidou, Anastasia"]
[Result "0-1"]
[ECO "E00"]
[WhiteElo "1699"]
[BlackElo "2273"]
[PlyCount "122"]
[EventDate "2016.??.??"]
[EventCountry "AZE"]
[WhiteTeam "Sri Lanka"]
[BlackTeam "Griechenland"]
[WhiteTeamCountry "SRI"]
[BlackTeamCountry "GRE"]
[TimeControl "40/5400+30:1800+30"]
[WhiteClock "0:00:44"]
[BlackClock "0:01:03"]

1. d4 {(00:00} Nf6 {(00:00} 2. c4 {(00:00} e6 {(
00:00} 3. a3 {(00:09} d5 {(01:24} 4. e3 {(04:03} Be7 {
(02:17} 5. Nc3 {(00:13} O-O {(00:11} 6. Nf3 {(
00:06} a6 {(03:46} 7. b4 {(03:18} dxc4 {(03:44} 8.
Bxc4 {(00:13} b5 {(06:15} 9. Bd3 {(01:01} a5 {(
00:14} 10. bxa5 {(03:04} c6 {(08:11} 11. Bb2 {(01:28}
Qxa5 {(02:34} 12. O-O {(01:24} Nbd7 {(01:48} 13. Qc2 {
(04:03} Ba6 {(07:58} 14. Ne5 {(04:59} Rac8 {(11:
47} 15. Nxd7 {(07:57} Nxd7 {(00:06} 16. Bxh7+ {(01:44}
Kh8 {(00:04} 17. Bd3 {(00:11} c5 {(10:57} 18. Qe2 {
(02:31} Nf6 {(00:49} 19. dxc5 {(01:38} Rxc5 {(
00:35} 20. Ne4 {(24:32} Nxe4 {(02:45} 21. Bxe4 {(00:32]
} f5 {(00:48} 22. Bd3 {(04:05} Bf6 {(04:53} 23. Bxf6 {
(04:39} Rxf6 {(00:08} 24. a4 {(00:50} Rh6 {(02:
14} 25. g3 {(07:28} Bb7 {(07:56} 26. axb5 {(01:19} Qd8
{(03:19} 27. f3 {(03:29} Rc3 {(02:43} 28. Rad1 {
(01:10} Qb6 {(03:12} 29. Kh1 {(08:47} Qc7 {(02:
25} 30. Kg1 {(00:45} Qc5 {(02:33} 31. Kh1 {(03:16} Qe5
{(00:42} 32. Kg2 {(03:00} Rb3 {(03:45} 33. Rb1 {
(00:42} Ra3 {(00:18} 34. Kg1 {(02:07} Qc3 {(04:
39} 35. Rbd1 {(01:29} Bd5 {(01:16} 36. Qd2 {(00:48}
Qe5 {(00:49} 37. Rc1 {(00:31} Bb7 {(00:50} 38. Rcd1 {
(00:54} Bd5 {(00:23} 39. Rc1 {(00:10} Kh7 {(00:
32} 40. Rc2 {(00:00} Kh8 {(00:00} 41. Kg2 {(07:08} Bb7
{(05:30} 42. Qe2 {(08:30} Kg8 {(07:11} 43. Kg1 {
(08:10} Rb3 {(04:56} 44. Rd2 {(02:43} Qc5 {(04:
20} 45. Rc2 {(00:33} Qe5 {(00:05} 46. Rd2 {(00:58} Qc5
{(00:23} 47. Kg2 {(01:28} Rf6 {(04:16} 48. Re1 {
(01:38} Rc3 {(02:47} 49. Rc2 {(00:47} Bxf3+ {(
01:00} 50. Qxf3 {(01:07} Rxc2+ {(00:05} 51. Bxc2 {(00:
02} Qxc2+ {(00:06} 52. Re2 {(00:11} Qc5 {(01:27} 53.
Rb2 {(00:52} e5 {(00:27} 54. Qa8+ {(00:21} Kh7 {
(00:36} 55. Qf3 {(00:46} e4 {(03:43} 56. Qe2 {(
02:24} Rb6 {(01:05} 57. Kf2 {(00:23} f4 {(00:57} 58.
gxf4 {(01:16} Rh6 {(00:04} 59. Kg2 {(00:53} Qc1 {
(01:02} 60. Kg3 {(00:38} Qg1+ {(00:33} 61. Qg2 {
(00:23} Qxe3+ {(00:04} 0-1

[Event "42nd Olympiad Baku 2016 Women"]
[Site "Baku"]
[Date "2016.09.02"]
[Round "1.15"]
[White "Menon Jayadev, Poornima"]
[Black "Matnadze, Ana"]
[Result "0-1"]
[ECO "E19"]
[WhiteElo "1837"]
[BlackElo "2383"]
[PlyCount "92"]
[EventDate "2016.??.??"]
[EventCountry "AZE"]
[WhiteTeam "Irland"]
[BlackTeam "Spanien"]
[WhiteTeamCountry "IRL"]
[BlackTeamCountry "ESP"]
[TimeControl "40/5400+30:1800+30"]
[WhiteClock "0:24:47"]
[BlackClock "1:14:39"]

1. d4 {(00:00} Nf6 {(00:00} 2. c4 {(00:00} e6 {(
00:00} 3. Nf3 {(00:00} b6 {(00:00} 4. g3 {(00:00} Bb7
{(00:00} 5. Bg2 {(00:00} Be7 {(00:08} 6. O-O {(
00:09} O-O {(00:06} 7. Nc3 {(00:10} Ne4 {(00:06} 8.
Qc2 {(00:17} Nxc3 {(00:50} 9. Qxc3 {(00:15} Be4 {
(00:16} 10. Ne1 {(08:17} Bxg2 {(00:53} 11. Nxg2 {
(00:16} f5 {(00:21} 12. b3 {(19:20} c5 {(01:39}
13. Bb2 {(03:33} Bf6 {(00:43} 14. Qd2 {(03:05} Nc6 {
(03:16} 15. e3 {(11:35} Qe7 {(03:46} 16. Rfd1 {(
04:25} Rad8 {(02:30} 17. Qe2 {(02:13} g5 {(02:33} 18.
dxc5 {(11:15} bxc5 {(01:11} 19. f4 {(10:11} h6 {
(06:55} 20. Rab1 {(01:47} d6 {(10:41} 21. Qf3 {(
05:03} Qe8 {(03:45} 22. h3 {(02:26} a5 {(05:33} 23. a3
{(01:19} e5 {(03:27} 24. Qd5+ {(03:15} Kg7 {(00:
34} 25. Re1 {(03:25} Ne7 {(01:24} 26. Qd2 {(01:09} a4
{(02:09} 27. b4 {(01:43} Qc6 {(04:52} 28. b5 {(
01:40} Qe4 {(00:32} 29. Rbc1 {(02:47} Ng6 {(00:41} 30.
Qc2 {(01:00} Qa8 {(03:12} 31. Qxf5 {(01:16} exf4 {
(00:37} 32. gxf4 {(01:32} Bxb2 {(00:13} 33. Qg4 {
(01:05} Bxc1 {(00:29} 34. Rxc1 {(00:06} Qc8 {(
01:36} 35. Qg3 {(00:41} Qf5 {(00:49} 36. h4 {(01:32}
gxf4 {(01:16} 37. Nxf4 {(00:32} Kh7 {(00:06} 38. Qxg6+
{(00:05} Qxg6+ {(00:04} 39. Nxg6 {(00:08} Kxg6 {
(00:05} 40. Kg2 {(00:00} Kf5 {(00:00} 41. Kf3 {(
02:37} Ke5+ {(00:17} 42. Ke2 {(00:58} Rg8 {(00:05} 43.
Kd3 {(02:22} d5 {(00:19} 44. Ke2 {(02:13} Rg2+ {
(00:10} 45. Kf3 {(00:23} Rdg8 {(00:06} 46. cxd5 {
(02:08} R8g3# {(00:06} 0-1